 Dungeon Crawl Stone Soup version 0.21-a0-529-g8c7b3f5 (webtiles) character file.

225 slep the Chopper (level 5, -11/41 HPs)
             Began as a Demonspawn Gladiator on Dec 10, 2017.
             Killed by divine providence
             ... invoked by an orc priest
              (13 damage)
             ... on level 4 of the Dungeon.
             The game lasted 00:08:09 (1977 turns).

slep the Chopper (Demonspawn Gladiator)             Turns: 1977, Time: 00:08:10

Health: -11/41     AC:  3    Str: 16    XL:     5   Next: 68%
Magic:  5/5        EV: 19    Int:  9    God:
Gold:   66         SH:  9    Dex: 19    Spells: 4/4 levels left

rFire    . . .     SeeInvis .   a - +0 war axe
rCold    . . .     Gourm    .   (no shield)
rNeg     . . .     Faith    .   b - +0 leather armour
rPois    .         Spirit   .   (helmet restricted)
rElec    .         Reflect  +   (no cloak)
rCorr    .         Harm     .   (no gloves)
MR       .....                  (no boots)
Stlth    +++.......             i - +5 amulet of reflection
HPRegen  0.13/turn              (no ring)
MPRegen  0.09/turn              (no ring)

@: agile
A: horns 1, large bone plates 1, powered by pain 2
a: no special abilities


You were on level 4 of the Dungeon.
You were not hungry.

You visited 1 branch of the dungeon, and saw 4 of its levels.

You collected 66 gold pieces.

Inventory:

Hand Weapons
 a - a +0 war axe (weapon)
Missiles
 d - 3 throwing nets (quivered)
Armour
 b - a +0 leather armour (worn)
 c - a +0 helmet
Jewellery
 i - a +5 amulet of reflection (around neck)
Scrolls
 e - a scroll of blinking {unknown}
 j - a scroll of immolation {unknown}
 l - a scroll of noise {unknown}
 m - 2 scrolls of teleportation {unknown}
 n - 2 scrolls of identify {unknown}
 p - 2 scrolls of remove curse {unknown}
 t - a scroll of fog {unknown}
 u - a scroll of amnesia {unknown}
 w - a scroll of enchant weapon {unknown}
Potions
 k - 4 potions of agility {unknown}
 q - 2 potions of heal wounds {unknown}
 r - a potion of haste {unknown}
 s - a potion of berserk rage {unknown}
Comestibles
 f - 4 bread rations
 g - 2 meat rations
 h - 2 royal jellies
 o - a fruit
 v - 3 chunks of flesh


   Skills:
 + Level 3.1 Fighting
 + Level 4.5 Axes
 + Level 1.8 Throwing
 + Level 1.4 Armour
 + Level 3.3 Dodging
 + Level 0.4 Stealth


You had 4 spell levels left.
You didn't know any spells.

Dungeon Overview and Level Annotations

Branches:
Dungeon (4/15)
 Temple: D:4-7

Altars:
Gozag

Shops:
D:2 *

Annotations:
D:3 djmy96's ghost, amateur FoMo


Innate Abilities, Weirdness & Mutations

You have a pair of small horns on your head.
You are partially covered in large bone plates. (SH +4)
You sometimes gain power by taking damage.


Message History

The gnoll shouts! x2
The orc priest calls down the wrath of Beogh upon you.
Beogh smites you!
You focus on the pain.
You feel agile all of a sudden. The gnoll hits you with a whip.
A gnoll comes into view. It is wielding a halberd.
The gnoll shouts!
You barely miss the orc priest. You closely miss the gnoll.
The gnoll barely misses you.
The orc priest mumbles some strange prayers to Beogh against you.
Beogh smites you!
* * * LOW HITPOINT WARNING * * *
The gnoll hits you with a club.
* * * LOW HITPOINT WARNING * * *
You block the gnoll's attack.
The gnoll hits you from afar with a spear!
* * * LOW HITPOINT WARNING * * *
The orc priest mumbles some strange prayers to Beogh against you.
Beogh smites you!
You die...

#++##..............
.##.........###. ##
..##....÷.......
#..##
#..#............
#..#.
.g.#.....#####..
#...≈ #g.#......#
###
#..#.##g.#......#
#...o.g##...(..#
##..@.##.......#
##''##..#.....#
#.....#####..##
####### #...##
#....# #....#
##..<# #.#.#
###...####


You could see an orc priest and 3 gnolls.

Vanquished Creatures
  A howler monkey (D:4)
  A jelly (D:2)
  2 worker ants (D:4)
  An adder (D:3)
  4 worms
  A dart slug (D:1)
  4 leopard geckos
  4 orcs (D:3)
  3 giant cockroaches
  9 goblins
  5 hobgoblins
  13 jackals
  6 kobolds
  2 quokkas
  3 ball pythons
  10 bats
  4 frilled lizards
  6 rats
79 creatures vanquished.

Notes
Turn   | Place    | Note
-------+----------+-------------------------------------------
     0 | D:1      | slep the Demonspawn Gladiator began the quest for the Orb.
     0 | D:1      | Reached XP level 1. HP: 16/16 MP: 1/1
   129 | D:1      | Gained mutation: You sometimes gain a little power by taking damage. [demonic ancestry]
   129 | D:1      | Reached XP level 2. HP: 18/22 MP: 2/2
   155 | D:1      | Reached skill level 3 in Axes
   397 | D:1      | Gained mutation: You sometimes gain power by taking damage. [demonic ancestry]
   397 | D:1      | Reached XP level 3. HP: 28/28 MP: 3/3
   761 | D:2      | Found Gozag's Platinum Reserve.
   761 | D:2      | Found an opulent altar of Gozag.
  1074 | D:2      | Reached skill level 1 in Armour
  1074 | D:2      | Gained mutation: You are partially covered in large bone plates. (SH +4) [demonic ancestry]
  1074 | D:2      | Reached XP level 4. HP: 23/34 MP: 4/4
  1323 | D:3      | Noticed djmy96's ghost (amateur FoMo)
  1430 | D:3      | Reached skill level 4 in Axes
  1655 | D:4      | Gained mutation: You have a pair of small horns on your head. [demonic ancestry]
  1655 | D:4      | Reached XP level 5. HP: 28/40 MP: 5/5
  1976 | D:4      | HP: 2/41 [gnoll/spear (8)]
  1977 | D:4      | Killed from afar by an orc priest

Vault maps used:
D:1:      matt_arrival_grand_opening, minmay_hexomino_f4
D:2:      nicolae_gozag_zags_fifth_avenue, serial_bayou_crossing
D:3:      minmay_misc_feat_plants, kennysheep_crisscross
D:4:      first_bread, kennysheep_generic_room_3

Skill      XL: |  1  2  3  4  5 |
---------------+----------------+-----
Axes           | 3 4 |  4.5
Dodging        | 3 |  3.3
Armour         | 1 |  1.4
Fighting       | 3 |  3.1
Throwing       | |  1.8
Stealth        | |  0.4

Action                   |  1- 3 |  4- 6 || total
-------------------------+-------+-------++-------
Melee: War axe           |   121 |   129 ||   250
       Headbutt          |       |     6 ||     6
 Stab: Sleeping          |     1 |     1 ||     2
       Distracted        |       |     1 ||     1
  Eat: Chunk             |       |     4 ||     4
Armor: Leather armour    |    37 |    21 ||    58
Dodge: Dodged            |   109 |    69 ||   178
Block: Other             |    35 |    62 ||    97

Table legend:
 A = Spawn XP
 B = Non-spawn XP
 C = Spawn XP percentage of total XP
 D = Spawn monster count
 E = Non-spawn monster count
 F = Spawn count percentage of total count
 G = Total turns spent on level
                    A         B        C        D         E        F      G
               +---------+---------+-------+---------+---------+-------+---------
         Total |       0 |     322 |   0.0 |       0 |      79 |   0.0 |  1977
               +---------+---------+-------+---------+---------+-------+---------
           D:1 |       0 |      48 |   0.0 |       0 |      27 |   0.0 |   616
           D:2 |       0 |      84 |   0.0 |       0 |      24 |   0.0 |   653
           D:3 |       0 |      53 |   0.0 |       0 |      19 |   0.0 |   361
           D:4 |       0 |     137 |   0.0 |       0 |       9 |   0.0 |   347
               +---------+---------+-------+---------+---------+-------+---------
